 Dungeon Crawl Stone Soup version 0.23-a0-269-g65e0026 (webtiles) character file.

1909 Megalobster the Magician (level 9, -1/66 HPs)
             Began as a Gnoll Wanderer on Sept 30, 2018.
             Slain by a bullfrog (6 damage)
             ... on level 6 of the Dungeon.
             The game lasted 00:19:38 (6020 turns).

Megalobster the Magician (Gnoll Wanderer)           Turns: 6020, Time: 00:19:39

Health: -1/66      AC: 12    Str: 13    XL:     9   Next: 16%
Magic:  17/18      EV: 14    Int: 18    God:
Gold:   324        SH:  0    Dex: 16    Spells: 16/20 levels left

rFire    . . .     SeeInvis .   a - +2 dagger (elec)
rCold    . . .     Gourm    .   (no shield)
rNeg     . . .     Faith    .   e - +2 scale mail
rPois    .         Spirit   .   (no helmet)
rElec    .         Reflect  .   I - +0 cloak
rCorr    .         Harm     .   F - +0 pair of gloves
MR       .....                  (no boots)
Stlth    +.........             (no amulet)
HPRegen  0.21/turn              o - ring of flight
MPRegen  0.16/turn              p - +3 ring of evasion

@: singing
A: distributed training, fangs 1, strong nose
a: Evoke Flight


You were on level 6 of the Dungeon.
You were not hungry.

You visited 2 branches of the dungeon, and saw 7 of its levels.
You also visited: Sewer.

You collected 324 gold pieces.

Inventory:

Hand Weapons
 a - a +2 dagger of electrocution (weapon)
 j - a +0 morningstar of draining
 u - a +3 hand axe
 w - a +2 dagger of protection
 y - a +0 spear
Missiles
 i - 55 sling bullets
 n - 142 stones (quivered)
 x - 2 throwing nets {!f}
 C - 14 poisoned needles
Armour
 e - a +2 scale mail (worn)
 F - a +0 pair of gloves (worn)
 I - a +0 cloak (worn)
Jewellery
 o - a ring of flight (left hand)
 p - a +3 ring of evasion (right hand)
 O - an uncursed ring of fire
Wands
 c - a wand of random effects (14)
 H - a wand of flame (35)
Scrolls
 b - a scroll of enchant weapon {unknown}
 d - a scroll of magic mapping {unknown}
 g - 4 scrolls of teleportation
 h - a scroll of fog {unknown}
 l - 3 scrolls of remove curse {@r2}
 q - a scroll of noise {unknown}
 v - 2 scrolls of enchant armour
 L - a scroll of amnesia {unknown}
 N - a scroll of blinking {unknown}
Potions
 k - a potion of degeneration {unknown}
 r - 3 potions of brilliance
 t - a potion of ambrosia {unknown}
 z - 2 potions of curing {@q1}
 A - 2 potions of agility
 D - 3 potions of heal wounds
 E - 2 potions of flight
 J - a potion of haste {unknown}
 M - a potion of cancellation {unknown}
Comestibles
 f - 6 rations
 m - 6 chunks of flesh


   Skills:
 + Level 4.7 Fighting
 + Level 3.9 Short Blades
 + Level 3.9 Long Blades
 + Level 3.9 Axes
 + Level 3.9 Maces & Flails
 + Level 3.9 Polearms
 + Level 3.9 Staves
 + Level 3.9 Slings
 + Level 3.9 Bows
 + Level 3.9 Crossbows
 + Level 3.9 Throwing
 + Level 6.1 Armour
 + Level 3.9 Dodging
 + Level 3.9 Stealth
 + Level 3.9 Shields
 + Level 3.9 Unarmed Combat
 + Level 6.4 Spellcasting
 + Level 3.2 Conjurations
 + Level 5.0 Hexes
 + Level 3.2 Charms
 + Level 3.9 Summonings
 + Level 3.2 Necromancy
 + Level 3.2 Translocations
 + Level 3.2 Transmutations
 + Level 3.2 Fire Magic
 + Level 3.2 Ice Magic
 + Level 3.2 Air Magic
 + Level 3.2 Earth Magic
 + Level 3.2 Poison Magic
 + Level 4.3 Invocations
 + Level 6.1 Evocations


You had 16 spell levels left.
You knew the following spells:

 Your Spells              Type           Power        Failure   Level  Hunger
a - Poisonous Vapours     Pois/Air       ###...       19%         2    None
b - Song of Slaying       Chrm           ###.....     19%         2    None

Your spell library contained the following spells:

 Spells                   Type           Power        Failure   Level  Hunger
 Infusion                 Chrm           ###.         13%         1    None
 Shroud of Golubria       Chrm/Tloc      ###.......   19%         2    None
 Swiftness                Chrm/Air       ###.....     19%         2    None
 Spectral Weapon          Hex/Chrm       ###.....     26%         3    ##.....
 Regeneration             Chrm/Necr      ###.......   36%         3    ##.....


Dungeon Overview and Level Annotations

Branches:
Dungeon (6/15)             Temple (1/1) D:5

Altars:
Cheibriados
Dithmenos
Elyvilon
Fedhas
Hepliaklqana
Kikubaaqudgha
Makhleb
Okawaru
Qazlal
Sif Muna
Trog
Vehumet
Wu Jian
Xom
Yredelemnul
Zin
The Shining One

Shops:
D:4 (

Annotations:
D:6 Sigmund


Innate Abilities, Weirdness & Mutations

Your experience applies equally to all skills.
You have very sharp teeth.
Your uncanny sense of smell can sniff out nearby items.


Message History

You closely miss something. The bullfrog hits you.
You take 1 damage, and have 22/66 hp.
You completely miss something. The bullfrog completely misses you.
Something hits you.
* * * LOW HITPOINT WARNING * * *
You take 6 damage, and have 16/66 hp.
You miss the bullfrog.
The bullfrog hits you but does no damage.
The bullfrog barely misses you. Something hits you but does no damage.
You hit the bullfrog. Lightning courses through the bullfrog!
The bullfrog is heavily wounded.
The bullfrog hits you.
* * * LOW HITPOINT WARNING * * *
Your magical contamination has completely faded away.
You take 5 damage, and have 12/66 hp.
The bullfrog releases a deep croak.
Something hits you!
* * * LOW HITPOINT WARNING * * *
The bullfrog hits you.
You die...

##### ##...# ...#.#
#..#.#### ########
...#....# #......#
#######.# #.####.###
...#....###.#......#
...#........#.##.#.#
...#.########.##@#.#
##...# #..†F#.#
...### #..{.......#
....#
.$......#..##.#
##..# ...........#
.#..# .....#>....#
.#..# ...>.##.#..#
.#..# .... #.....
....# .... .....##


You could see a bullfrog.

Vanquished Creatures
  Menkaure (D:6)
  A water moccasin (D:6)
  Duvessa (D:4)
  A black bear (D:6)
  An orc warrior (D:6)
  2 ogres
  2 centaurs (D:5)
  Blork the orc (D:4)
  2 big kobolds (Sewer)
  Dowan (D:4)
  A howler monkey (D:4)
  2 hounds (D:5)
  2 orc priests
  A centaur skeleton (D:6)
  A gnoll shaman (D:4)
  7 orc wizards
  An iguana (D:6)
  2 worker ants
  A hound skeleton (D:2)
  3 gnolls (D:4)
  A worker ant zombie (D:6)
  9 adders
  3 river rats (Sewer)
  An ooze (D:1)
  An adder zombie (D:5)
  3 worms
  A dart slug (D:1)
  4 leopard geckos
  20 orcs
  6 giant cockroaches
  10 goblins
  8 hobgoblins
  3 jackals (D:3)
  A quokka (D:3)
  12 ball pythons
  11 bats
  8 frilled lizards
  16 kobolds
  A leopard gecko skeleton (D:5)
  A leopard gecko zombie (D:2)
  28 rats
182 creatures vanquished.

Notes
Turn   | Place    | Note
-------+----------+-------------------------------------------
     0 | D:1      | Megalobster the Gnoll Wanderer began the quest for the Orb.
     0 | D:1      | Megalobster set off with: a +2 scale mail, a wand of random
                  | effects (15), a +0 dagger, a ration
     0 | D:1      | Reached XP level 1. HP: 17/17 MP: 6/6
    86 | D:1      | Reached XP level 2. HP: 19/23 MP: 7/7
   331 | D:1      | Reached XP level 3. HP: 28/28 MP: 9/9
   342 | D:1      | Reached skill level 5 in Spellcasting
   726 | D:2      | Reached skill level 1 in Invocations
   903 | D:2      | Found a blossoming altar of Fedhas.
  1020 | D:2      | Reached skill level 1 in Short Blades
  1020 | D:2      | Reached skill level 1 in Long Blades
  1020 | D:2      | Reached skill level 1 in Axes
  1020 | D:2      | Reached skill level 1 in Maces & Flails
  1020 | D:2      | Reached skill level 1 in Polearms
  1020 | D:2      | Reached skill level 1 in Staves
  1020 | D:2      | Reached skill level 1 in Slings
  1020 | D:2      | Reached skill level 1 in Bows
  1020 | D:2      | Reached skill level 1 in Crossbows
  1020 | D:2      | Reached skill level 1 in Throwing
  1020 | D:2      | Reached skill level 1 in Dodging
  1020 | D:2      | Reached skill level 1 in Stealth
  1020 | D:2      | Reached skill level 1 in Shields
  1020 | D:2      | Reached skill level 1 in Unarmed Combat
  1070 | D:2      | Reached XP level 4. HP: 34/34 MP: 11/11
  1183 | D:2      | Found a snail-covered altar of Cheibriados.
  1519 | D:2      | Reached skill level 1 in Conjurations
  1519 | D:2      | Reached skill level 1 in Charms
  1519 | D:2      | Reached skill level 1 in Necromancy
  1519 | D:2      | Reached skill level 1 in Translocations
  1519 | D:2      | Reached skill level 1 in Transmutations
  1519 | D:2      | Reached skill level 1 in Fire Magic
  1519 | D:2      | Reached skill level 1 in Ice Magic
  1519 | D:2      | Reached skill level 1 in Air Magic
  1519 | D:2      | Reached skill level 1 in Earth Magic
  1519 | D:2      | Reached skill level 1 in Poison Magic
  1844 | D:3      | Reached XP level 5. HP: 38/40 MP: 12/12
  2032 | D:3      | Found a faded altar of an unknown god.
  2037 | D:3      | Found a glowing silver altar of Zin.
  2742 | D:4      | Reached XP level 6. HP: 31/47 MP: 13/13
  2906 | D:4      | Noticed Blork the orc
  2927 | D:4      | Killed Blork the orc
  2927 | D:4      | Reached skill level 5 in Armour
  2927 | D:4      | Reached skill level 5 in Evocations
  3118 | D:4      | Found a glowing drain.
  3133 | Sewer    | Entered a sewer
  3190 | Sewer    | Reached XP level 7. HP: 45/52 MP: 15/15
  3242 | Sewer    | Learned a level 2 spell: Poisonous Vapours
  3785 | D:4      | Found Loadghede's Antique Weapon Emporium.
  3804 | D:4      | Noticed Dowan
  3807 | D:4      | Noticed Duvessa
  3818 | D:4      | Killed Duvessa
  3863 | D:4      | Killed Dowan
  4383 | D:4      | Reached XP level 8. HP: 27/60 MP: 16/16
  4745 | D:5      | Entered Level 5 of the Dungeon
  4752 | D:5      | Found a radiant altar of Vehumet.
  4861 | D:5      | Found a hazy altar of Hepliaklqana.
  4861 | D:5      | Found a white marble altar of Elyvilon.
  4862 | D:5      | Found a basalt altar of Yredelemnul.
  4862 | D:5      | Found an ancient bone altar of Kikubaaqudgha.
  5211 | D:5      | Found a staircase to the Ecumenical Temple.
  5220 | Temple   | Entered the Ecumenical Temple
  5498 | D:6      | Learned a level 2 spell: Song of Slaying
  5612 | D:6      | Noticed Menkaure
  5628 | D:6      | Killed Menkaure
  5893 | D:6      | Reached skill level 5 in Hexes
  5893 | D:6      | Reached XP level 9. HP: 58/66 MP: 12/18
  5992 | D:6      | Noticed Sigmund
  6020 | D:6      | Slain by a bullfrog

Vault maps used:
D:1:      arrival_zaba_pyramid
D:2:      marbit_many_paths, fedhas_altar_3, first_ration
D:3:      old_standard_altar, chequers_ecumenical_altar_simple
D:4:      cheibrodos_sewer_entry_drain, serial_forest,
          infiniplex_forest_lined_2, infiniplex_forest_lined_4_way,
          infiniplex_forest_end_3, infiniplex_forest_straight_3, serial_shops,
          shop, uniq_blork_the_orc, uniq_duvessa
D:5:      grunt_temple_overflow_open, minmay_temple_entry_grid
D:6:      nemelex_xobeh_ov_fountains_minmay, grunt_gozag_statues,
          kennysheep_generic_room_7, uniq_sigmund, uniq_menkaure
Temple:   jpeg_temple_island
Sewer:    sewer_minmay_treatment

Skill      XL: |  1  2  3  4  5  6  7  8 |
---------------+-------------------------+-----
Summonings     | 2 3 |  3.9
Spellcasting   | 5 6 |  6.4
Invocations    | 1 2 3 4 |  4.3
Short Blades   | 1 2 3 |  3.9
Long Blades    | 1 2 3 |  3.9
Axes           | 1 2 3 |  3.9
Maces & Flails | 1 2 3 |  3.9
Polearms       | 1 2 3 |  3.9
Staves         | 1 2 3 |  3.9
Slings         | 1 2 3 |  3.9
Bows           | 1 2 3 |  3.9
Crossbows      | 1 2 3 |  3.9
Throwing       | 1 2 3 |  3.9
Dodging        | 1 2 3 |  3.9
Stealth        | 1 2 3 |  3.9
Shields        | 1 2 3 |  3.9
Unarmed Combat | 1 2 3 |  3.9
Conjurations   | 1 2 3 |  3.2
Charms         | 1 2 3 |  3.2
Necromancy     | 1 2 3 |  3.2
Translocations | 1 2 3 |  3.2
Transmutations | 1 2 3 |  3.2
Fire Magic     | 1 2 3 |  3.2
Ice Magic      | 1 2 3 |  3.2
Air Magic      | 1 2 3 |  3.2
Earth Magic    | 1 2 3 |  3.2
Poison Magic   | 1 2 3 |  3.2
Fighting       | 3 4 |  4.7
Hexes          | 4 5 |  5.0
Armour         | 5 6 |  6.1
Evocations     | 5 6 |  6.1

Action                   |  1- 3 |  4- 6 |  7- 9 || total
-------------------------+-------+-------+-------++-------
Melee: Dagger            |   106 |   188 |   318 ||   612
       Bite              |     3 |    12 |    24 ||    39
       Punch             |     1 |     1 |     1 ||     3
 Cast: Poisonous Vapours |       |       |     5 ||     5
       Song of Slaying   |       |       |     3 ||     3
Evoke: Wand              |       |     1 |     2 ||     3
  Use: Potion            |       |     1 |     2 ||     3
       Scroll            |       |       |     8 ||     8
 Stab: Sleeping          |       |       |     1 ||     1
  Eat: Chunk             |     1 |     4 |     6 ||    11
       Ration            |       |     1 |     1 ||     2
Armor: Scale mail        |    60 |    75 |   138 ||   273
Dodge: Dodged            |    52 |   139 |   225 ||   416

Table legend:
 A = Non-vault XP
 B = Vault XP
 C = Vault XP percentage of total XP
 D = Non-vault monster count
 E = Vault monster count
 F = Vault count percentage of total count
                 A         B        C        D         E       F
            +---------+---------+-------+---------+---------+-------
      Total |    1928 |     800 |  29.3 |     126 |      56 |  30.8
            +---------+---------+-------+---------+---------+-------
        D:1 |      43 |       0 |   0.0 |      22 |       0 |   0.0
        D:2 |      91 |      13 |  12.5 |      21 |       1 |   4.5
        D:3 |     124 |       0 |   0.0 |      31 |       0 |   0.0
        D:4 |     358 |     316 |  46.9 |      18 |       5 |  21.7
        D:5 |     611 |       0 |   0.0 |      19 |       0 |   0.0
        D:6 |     701 |     187 |  21.1 |      15 |       2 |  11.8
      Sewer |       0 |     284 | 100.0 |       0 |      48 | 100.0
            +---------+---------+-------+---------+---------+-------
